Map: Efflorescence LE

Players

qqq - Winner!

  • Race: Protoss Protoss
  • Spawn Location: 9:00

Massa - Winner!

  • Race: Terran Terran
  • Spawn Location: 6:00

HarleyQuinn

  • Race: Terran Terran
  • League: Silver
  • Spawn Location: 12:00

TrustME

  • Race: Terran Terran
  • League: Silver
  • Spawn Location: 3:00

VOD

Have the link to the VOD?

Description

Time

  • Played on: Oct. 2, 2020, 6:20 p.m.
  • Length: 15:48
Show
View Real Time Build Order
Export as new Build Order

qqq Protoss - Winner!

Build Orders: Carriers 

Get SALT Encoding   

  12  0:00  Probe  
  13  0:12  Probe  
  14  0:21  Pylon  
  14  0:24  Probe  
  15  0:39  Probe  
  16  0:51  Probe  
  17  1:00  Pylon  
  17  1:03  Probe  
  18  1:36  Nexus  
  18  1:45  Pylon  
  18  1:54  Probe (Chrono Boost)  
  18  1:57  Gateway  
  18  1:59  Assimilator  
  19  2:06  Probe (Chrono Boost)  
  20  2:11  Probe (Chrono Boost)  
  20  2:20  Probe  
  21  2:32  Probe  
  22  2:44  Probe  
  22  2:45  Cybernetics Core  
  22  2:47  Zealot (Chrono Boost)  
  25  2:56  Probe, Assimilator  
  25  2:57  Probe  
  27  3:08  Probe  
  27  3:09  Probe  
  29  3:20  Probe  
  29  3:21  Probe  
  29  3:22  Stalker (Chrono Boost)  
  33  3:32  Probe  
  33  3:33  Probe  
  35  3:44  Probe  
  35  3:45  Probe  
  37  3:57  Probe  
  37  4:01  Stargate  
  37  4:02  Stargate  
  38  4:07  Probe  
  38  4:09  Probe  
  40  4:10  Assimilator  
  40  4:14  Assimilator  
  40  4:19  Probe  
  40  4:21  Probe  
  42  4:37  Probe  
  42  4:38  Probe  
  44  4:48  Forge  
  44  4:49  Pylon  
  44  4:50  Probe x2  
  44  4:52  Pylon  
  46  5:00  Pylon  
  46  5:03  Pylon  
  46  5:04  Oracle (Chrono Boost)  
  46  5:07  Probe, Phoenix (Chrono Boost)  
  52  5:19  Probe  
  52  5:20  Probe  
  54  5:24  Phoenix (Chrono Boost)  
  54  5:27  Photon Cannon  
  56  5:31  Probe  
  56  5:34  Phoenix  
  59  5:47  Phoenix  
  61  5:59  Phoenix  
  62  6:12  Phoenix  
  64  6:24  Phoenix  
  66  6:37  Phoenix  
  66  6:39  Probe  
  66  6:49  Phoenix  
  68  6:56  Nexus  
  68  6:58  Pylon  
  68  7:02  Phoenix, Pylon  
  70  7:11  Fleet Beacon  
  70  7:14  Phoenix  
  72  7:21  Protoss Air Weapons Level 1 (Chrono Boost)  
  72  7:27  Photon Cannon, Phoenix  
  74  7:30  Photon Cannon  
  74  7:34  Photon Cannon  
  74  7:37  Photon Cannon  
  74  7:39  Phoenix  
  76  7:52  Phoenix  
  78  8:17  Carrier  
  82  8:34  Carrier  
  78  9:21  Carrier  
  78  9:23  Protoss Air Armor Level 1  
  80  9:39  Carrier  
  80  9:45  Probe  
  87  9:57  Probe (Chrono Boost)  
  87  9:58  Nexus  
  87  9:59  Stargate  
  88  10:00  Pylon  
  88  10:02  Pylon, Assimilator  
  88  10:06  Pylon, Assimilator  
  88  10:09  Probe (Chrono Boost)  
  89  10:14  Probe (Chrono Boost)  
  90  10:23  Probe (Chrono Boost), Nexus  
  90  10:26  Carrier, Pylon  
  90  10:28  Pylon  
  98  10:36  Probe (Chrono Boost)  
  98  10:42  Probe (Chrono Boost)  
  99  10:43  Photon Cannon, Carrier  
  99  10:45  Photon Cannon  
  99  10:49  Photon Cannon  
  105  10:50  Probe  
  105  10:52  Photon Cannon  
  106  10:58  Tempest  
  106  11:02  Probe  
  112  11:09  Photon Cannon  
  112  11:11  Photon Cannon  
  112  11:14  Robotics Facility  
  112  11:15  Probe x2  
  114  11:27  Probe x2  
  116  11:37  Shield Battery  
  116  11:38  Photon Cannon  
  116  11:39  Probe x2  
  118  11:40  Shield Battery  
  118  11:41  Shield Battery  
  118  11:42  Photon Cannon  
  118  11:43  Probe  
  119  11:51  Probe x2  
  121  11:55  Probe  
  121  11:58  Carrier  
  128  12:03  Probe  
  128  12:04  Probe  
  128  12:07  Probe, Carrier  
  137  12:16  Carrier  
  137  12:17  Probe  
  137  12:18  Probe  
  137  12:19  Probe  
  146  12:31  Probe  
  147  12:38  Protoss Air Weapons Level 2 (Chrono Boost)  
  147  12:43  Probe  
  148  13:02  Carrier  
  142  13:12  Carrier  
  134  13:32  Carrier  
  132  13:35  Mothership (Chrono Boost)  
  140  13:44  Observer  
  141  13:58  Probe x2  
  143  14:05  Observer  
  143  14:06  Carrier  
  150  14:10  Probe x2  
  150  14:16  Carrier  
  158  14:22  Probe x2  
  160  14:26  Observer  
  161  14:34  Probe x2  
  161  14:36  Carrier  
  169  14:46  Probe x2  
  169  14:49  Nexus  
  169  14:51  Pylon  
  171  14:54  Pylon  
  171  15:02  Nexus  
  171  15:03  Pylon  
  171  15:06  Pylon  
  171  15:07  Pylon  
  171  15:10  Observer  
Show
View Real Time Build Order
Export as new Build Order

Massa Terran - Winner!

Build Orders: 1/1/1 

Get SALT Encoding   

  12  0:00  SCV  
  13  0:12  SCV  
  14  0:21  Supply Depot  
  14  0:24  SCV  
  15  0:35  Refinery  
  15  0:43  SCV  
  15  0:46  Barracks  
  16  0:55  SCV  
  17  1:04  Refinery  
  17  1:07  SCV  
  18  1:19  SCV  
  19  1:31  SCV  
  20  1:34  Factory  
  20  1:35  Marine  
  21  1:43  SCV  
  22  1:55  SCV  
  23  2:07  Barracks Reactor  
  23  2:10  Orbital Command  
  23  2:20  Starport  
  23  2:21  Factory Tech Lab  
  23  2:28  Barracks  
  23  2:32  Supply Depot  
  23  2:35  Supply Depot  
  23  2:54  SCV, Reaper x2  
  26  2:58  Siege Tank  
  28  3:26  Reaper x2  
  30  3:42  Medivac  
  30  3:47  SCV  
  33  3:53  Engineering Bay  
  33  3:58  Marine x2  
  33  3:59  Barracks Tech Lab, SCV  
  36  4:12  Command Center  
  36  4:15  Marine x2  
  38  4:33  Marine  
  38  4:38  Supply Depot  
  39  4:40  Supply Depot  
  39  4:41  Supply Depot  
  39  4:43  Missile Turret  
  39  4:59  Widow Mine, Marine x2, Medivac  
  41  5:13  SCV  
  42  5:17  Marine x2  
  44  5:24  Stimpack  
  44  5:25  SCV  
  45  5:35  Marine x2  
  47  5:36  Widow Mine  
  47  5:38  SCV  
  50  5:58  Widow Mine  
  39  6:43  Orbital Command  
  39  6:45  SCV  
  40  6:47  Refinery  
  40  6:51  Missile Turret  
  40  6:54  Marauder, Marine x2, Missile Turret  
  43  6:57  SCV  
  45  7:01  Siege Tank  
  45  7:04  Medivac  
  45  7:06  Combat Shield  
  50  7:11  Marine x2  
  50  7:15  Marauder  
  54  7:19  SCV x2  
  56  7:23  Command Center  
  56  7:29  Marine x2  
  58  7:31  SCV  
  58  7:34  Siege Tank  
  58  7:36  Marauder  
  64  7:39  Armory  
  64  7:42  Engineering Bay  
  64  7:44  SCV  
  64  7:47  Marine x2  
  67  8:02  Starport Tech Lab  
  67  8:05  Marine x2  
  69  8:06  Marauder, Siege Tank  
  69  8:09  Terran Infantry Armor Level 1  
  69  8:11  SCV  
  69  8:12  SCV  
  77  8:27  Terran Vehicle And Ship Armor Level 1  
  77  8:35  Marauder  
  78  8:55  Banshee  
  81  9:08  Concussive Shells  
  70  9:21  Marauder  
  60  9:32  Barracks Reactor  
  58  9:42  Marauder  
  59  9:50  SCV x2  
  61  10:02  SCV x2  
  61  10:03  Marauder  
  61  10:05  Engineering Bay  
  61  10:06  Armory  
  65  10:08  Barracks  
  65  10:09  Terran Infantry Armor Level 2  
  65  10:10  Barracks  
  65  10:12  Cloaking Field  
  65  10:14  Factory Tech Lab, SCV x2  
  67  10:24  Marine x2  
  67  10:25  Marauder  
  67  10:26  SCV x2  
  73  10:31  Planetary Fortress  
  73  10:36  Barracks  
  73  10:38  SCV x2  
  73  10:42  Marine x2  
  77  10:45  Marine  
  78  10:50  SCV x2  
  80  11:00  Marine x2  
  80  11:02  SCV  
  80  11:03  Marine  
  84  11:10  Barracks Reactor x2  
  84  11:17  Marine  
  85  11:26  Supply Depot  
  85  11:27  Supply Depot x3  
  85  11:30  Supply Depot  
  85  11:31  Supply Depot  
  85  11:32  Supply Depot  
  85  11:37  Refinery x2  
  85  11:40  Barracks Tech Lab  
  85  11:42  Terran Infantry Weapons Level 1  
  85  11:44  Terran Vehicle And Ship Armor Level 2  
  85  11:46  Terran Vehicle Weapons Level 1  
  85  11:47  Marine x2, Viking  
  85  11:48  Marauder  
  85  11:52  Supply Depot  
  85  11:53  Missile Turret x2  
  91  11:54  Supply Depot  
  91  11:55  Supply Depot  
  91  11:56  Missile Turret, Supply Depot  
  91  12:05  Marine x2  
  91  12:08  Marauder, Marine x4  
  97  12:09  Marauder  
  101  12:15  Ghost Academy  
  101  12:17  Viking  
  103  12:23  Marine  
  103  12:25  Terran Infantry Armor Level 3  
  103  12:29  Marauder, Siege Tank  
  109  12:31  Marauder  
  109  12:33  Marine x2  
  109  12:35  SCV  
  114  12:38  SCV x2  
  116  12:47  Viking  
  116  12:48  SCV  
  116  12:50  SCV  
  116  12:51  Marauder  
  122  12:52  Marauder  
  124  13:01  Siege Tank  
  127  13:11  Marine x3  
  127  13:12  Marauder, Marine x3  
  135  13:13  Marauder  
  137  13:29  Marine x3  
  137  13:30  Marine x2  
  137  13:34  Marauder  
  139  13:35  Marauder  
  139  13:38  Marine  
  136  13:46  Marine  
  136  13:47  Marine x3  
  127  13:55  Marauder  
  129  13:56  Marauder  
  122  14:15  Marine x6  
  122  14:16  Marauder  
  119  14:18  Marauder  
  119  14:23  Banshee  
  122  14:32  Ghost Academy  
  122  14:33  Marine x6  
  122  14:38  SCV x3, Marauder  
  130  14:39  Marauder  
  130  14:41  Command Center  
  134  14:50  SCV, Marine  
  134  14:51  Marine x5  
  135  14:59  Marauder  
  123  15:00  Marauder  
  128  15:08  Marine  
  128  15:09  Marine x5  
  133  15:20  Marauder  
  135  15:21  Marine  
  136  15:35  SCV x3  
Show
View Real Time Build Order
Export as new Build Order

HarleyQuinn Terran 

Build Orders:  

Get SALT Encoding   

  12  0:00  SCV  
  13  0:13  SCV  
  14  0:18  Supply Depot  
  14  0:25  SCV  
  15  0:34  Refinery  
  15  0:40  SCV  
  16  0:50  Barracks  
  16  0:52  SCV  
  16  0:56  Refinery  
  17  1:05  Supply Depot  
  17  1:11  SCV  
  18  1:24  SCV  
  19  1:40  Reaper  
  19  1:45  Factory  
  20  1:49  Orbital Command  
  20  2:19  Barracks Reactor  
  20  2:30  Factory Tech Lab  
  20  2:31  Starport  
  20  2:39  SCV  
  21  2:44  Engineering Bay  
  21  2:49  Siege Tank  
  24  2:53  SCV  
  24  2:55  Supply Depot  
  24  2:56  Marine x2  
  27  3:05  SCV  
  28  3:18  SCV  
  29  3:20  Starport Reactor  
  29  3:21  Marine x2  
  31  3:27  Missile Turret  
  31  3:30  SCV, Missile Turret  
  32  3:35  Siege Tank  
  35  3:57  Medivac x2  
  39  4:02  Supply Depot  
  39  4:04  Supply Depot  
  39  4:24  Marine x2  
  39  4:27  Siege Tank  
  43  4:42  Marine x2  
  45  4:47  Liberator, Command Center  
  45  4:49  SCV  
  49  4:55  Supply Depot  
  49  5:01  Marine x2  
  51  5:27  Marine x2  
  51  5:28  SCV, Siege Tank  
  56  5:30  Supply Depot  
  57  5:40  SCV  
  58  5:44  Terran Infantry Weapons Level 1  
  58  5:52  SCV  
  58  5:53  Barracks  
  59  6:05  SCV  
  60  6:24  Marine x2  
  60  6:27  Medivac x2  
  60  6:28  SCV x2  
  66  6:33  Refinery  
  66  6:34  Missile Turret  
  66  6:40  SCV x2  
  68  6:52  Barracks Tech Lab  
  68  6:54  Siege Tank  
  68  6:55  Marine x2  
  68  6:56  SCV  
  74  7:01  Orbital Command  
  74  7:08  SCV  
  74  7:09  Barracks  
  74  7:12  Marine  
  74  7:13  Marine  
  77  7:26  Stimpack  
  77  7:27  Siege Tank  
  80  7:31  Marauder  
  80  7:35  SCV  
  83  7:39  Terran Infantry Armor Level 1  
  83  7:43  Supply Depot  
  83  7:44  Marine x2  
  85  7:51  Marine  
  86  7:59  Marine  
  86  8:02  Marine  
  86  8:04  Engineering Bay  
  86  8:05  SCV x2  
  90  8:06  Armory  
  90  8:07  Siege Tank  
  90  8:08  Marine  
  90  8:09  Marine  
  85  8:38  Marine  
  85  8:39  Marine x3  
  82  8:56  Marine x2  
  79  9:06  Combat Shield  
  79  9:08  Marine x2  
  71  9:14  SCV x2, Marine x2  
  69  9:17  Refinery  
  69  9:19  Barracks  
  69  9:21  Barracks  
  62  9:25  Marine  
  62  9:26  Marine  
  55  9:32  Marine  
  53  9:51  Terran Infantry Weapons Level 2  
  53  9:52  Terran Infantry Armor Level 2  
  53  9:53  Command Center  
  53  9:55  Marine x2  
  53  9:57  Barracks Reactor, Marine  
  59  10:00  SCV x2  
  61  10:10  Widow Mine  
  61  10:12  Drilling Claws  
  61  10:13  Marine x2  
  62  10:14  Barracks Reactor  
  62  10:15  Barracks Reactor  
  62  10:18  Marine  
  63  10:21  Medivac x2  
  67  10:31  Marine  
  67  10:32  Widow Mine  
  70  10:36  Marine x4  
  74  10:48  Marine  
  75  10:50  Marine x2, Supply Depot  
  75  10:51  Marine x2, Supply Depot  
  75  10:54  Marine x2, Supply Depot  
  75  10:55  Widow Mine  
  75  10:56  Medivac x2  
  87  11:03  Marine x2  
  89  11:06  Marine  
  90  11:27  Missile Turret  
  88  11:45  Orbital Command  
  88  11:48  SCV x2, Marine, Missile Turret  
  88  11:49  Marine x5  
  88  11:50  Marauder, Marine x2  
  88  11:51  Medivac x2  
  104  12:06  Marine x2  
  104  12:07  Marine x5  
  104  12:08  Marine  
  112  12:11  SCV x3, Marauder  
  112  12:15  Refinery  
  117  12:21  Widow Mine  
  119  12:22  Terran Infantry Weapons Level 3  
  119  12:23  SCV x3  
  119  12:24  Marine x3, Terran Infantry Armor Level 3  
  119  12:25  Marine x2  
  127  12:32  Marine x2  
  127  12:35  SCV x3  
  132  12:43  Widow Mine  
  134  12:47  SCV, Supply Depot  
  134  12:48  Supply Depot  
  128  12:51  Supply Depot  
  120  13:04  Widow Mine  
  122  13:10  Marine  
  122  13:11  Marine x8  
  123  13:25  Widow Mine  
  107  13:28  Marine  
  107  13:29  Marine x8  
  96  13:46  Marine  
  96  13:47  Widow Mine, Marine x8  
  80  14:04  Marine x6  
  61  14:25  Marine x9  
  61  14:27  Widow Mine  
  72  14:42  Marine  
  72  14:43  Marine x2  
  75  14:46  Viking  
  75  14:47  Viking  
  75  14:48  Widow Mine  
  79  14:55  Marine  
  79  14:56  Marine x5  
  85  15:00  Marine  
  85  15:01  Marine x2  
  88  15:09  Widow Mine  
  88  15:13  Marine x5  
  88  15:14  Marine  
  94  15:16  Viking  
  94  15:17  Viking  
  94  15:18  Marine  
  94  15:19  Marine x2  
Show
View Real Time Build Order
Export as new Build Order

TrustME Terran 

Build Orders:  

Get SALT Encoding   

  12  0:01  SCV  
  13  0:17  Supply Depot  
  13  0:18  SCV  
  14  0:26  Refinery  
  14  0:30  SCV  
  15  0:43  Barracks  
  15  0:50  Refinery  
  15  0:52  SCV  
  16  1:36  Reaper  
  17  1:41  SCV  
  18  1:53  SCV  
  18  2:09  Orbital Command  
  18  2:14  Barracks Reactor  
  18  2:35  Factory  
  18  2:36  SCV  
  19  2:40  Supply Depot  
  19  2:45  Barracks  
  19  2:49  SCV  
  19  2:50  Marine x2  
  22  3:01  SCV  
  23  3:08  Marine x2  
  25  3:43  Marine x2  
  25  3:45  Factory Tech Lab  
  25  3:46  Barracks Tech Lab  
  27  4:01  Starport, SCV, Marine x2  
  30  4:05  Command Center  
  30  4:13  SCV  
  30  4:35  Supply Depot  
  30  4:43  SCV  
  30  4:45  Liberator, Siege Tank  
  37  4:55  SCV  
  37  4:57  Supply Depot  
  38  5:06  Stimpack  
  38  5:10  Marine x3  
  41  5:22  SCV  
  41  5:25  Orbital Command  
  41  5:27  Marine  
  41  5:28  Marine  
  44  5:39  SCV  
  45  5:50  Marine x2  
  45  5:51  SCV, Marine  
  45  5:55  SCV  
  50  6:01  Refinery  
  50  6:03  SCV  
  51  6:08  Marine x2  
  51  6:10  Engineering Bay  
  28  6:42  SCV x2  
  28  6:46  Marine, Combat Shield  
  28  6:47  Marine x2  
  31  6:51  Medivac  
  35  6:54  SCV  
  35  6:55  SCV  
  37  7:04  Marine x2  
  37  7:06  SCV  
  37  7:07  SCV  
  41  7:19  SCV x2, Siege Tank  
  46  7:27  Medivac  
  48  7:31  SCV  
  49  7:41  Marine x3  
  52  7:45  SCV  
  52  7:47  SCV  
  54  7:57  SCV  
  55  7:59  SCV, Marine x3  
  59  8:17  Marine x3  
  50  8:28  SCV x2  
  52  8:34  Marine  
  52  8:35  Marine x2  
  52  8:40  SCV x2  
  53  8:52  Marine x2  
  53  8:53  Marine  
  53  8:54  Siege Tank  
  58  8:56  Medivac  
  58  8:58  SCV x2  
  62  9:06  Refinery  
  62  9:10  SCV x2, Marine x3  
  62  9:22  SCV x2  
  64  9:26  Medivac  
  64  9:28  Marine x3  
  69  9:34  SCV  
  56  9:46  Marine x3  
  59  9:53  SCV x2  
  59  9:54  Barracks  
  61  10:02  Starport Reactor  
  61  10:03  Siege Tank  
  61  10:05  SCV x2  
  66  10:10  Supply Depot  
  66  10:12  Supply Depot  
  66  10:17  SCV x2  
  68  10:22  Marine x2  
  70  10:31  Marine  
  70  10:34  Barracks  
  74  10:35  Siege Tank  
  74  10:40  Marine x2  
  76  10:43  Barracks  
  76  10:47  Engineering Bay  
  76  10:49  Marine  
  77  10:50  Engineering Bay  
  77  10:52  SCV x2  
  79  10:58  Marine x2  
  81  11:04  SCV  
  81  11:10  Medivac x2  
  86  11:14  Command Center  
  86  11:18  Barracks Reactor  
  86  11:22  Barracks Reactor  
  86  11:24  Barracks  
  86  11:29  Supply Depot  
  86  11:32  Marine x3, Supply Depot  
  86  11:33  SCV x2, Siege Tank  
  86  11:36  Barracks Reactor  
  94  11:50  Marine x3  
  97  11:54  Supply Depot  
  97  12:03  Marine x2  
  97  12:04  Marine x2  
  97  12:05  Medivac, Siege Tank  
  97  12:06  Medivac  
  97  12:08  Marine x3  
  111  12:17  Barracks Reactor  
  111  12:21  Terran Infantry Armor Level 1, Marine, Terran Infantry Weapons Level 1  
  112  12:23  Marine x2  
  112  12:26  Marine  
  112  12:27  Marine  
  112  12:28  Marine  
  117  12:35  Medivac x2  
  122  12:54  Orbital Command  
  121  13:00  SCV x2  
  123  13:05  Medivac x2  
  123  13:12  SCV x2  
  121  13:24  SCV x2  
  101  13:35  Marine x11  
  100  13:52  Marine  
  100  13:53  Marine x10  
  108  14:10  Marine  
  108  14:11  Marine x5  
  108  14:16  Marine  
  108  14:17  Marine x4  
  94  14:28  Marine  
  94  14:29  Marine x5  
  100  14:34  Marine x3  
  100  14:35  Marine x2  
  100  14:36  SCV x3  
  105  14:46  Marine x4  
  105  14:47  Marine x2  
  105  14:48  SCV x3  
  105  14:52  Marine x5  
  101  15:00  SCV x3  
  101  15:04  Marine x4  
  97  15:08  Marine  
  97  15:09  Marine x2  
  97  15:10  Marine x4  
  76  15:22  Marine x4  
  76  15:26  Marine  
  76  15:27  Marine x2  
  76  15:28  Marine x4  
Tags
 
Add a new tag
Caveats
  • Supply blocks, unpowered buildings, or Contaminate may cause inaccurate times.
  • Supply counts are checked every 10 seconds.